 Dungeon Crawl Stone Soup version 0.30-a0-368-g86fb4627a9 (webtiles) character file.

Game seed: 3920598981218678848

73 drbonez the Chopper (level 4, -1/28 HPs)
             Began as a Gargoyle Fighter on Nov 19, 2022.
             Slain by a wight
             ... wielding a +4 dire flail
              (12 damage)
             ... on level 2 of the Dungeon.
             The game lasted 00:04:38 (1310 turns).

drbonez the Chopper (Gargoyle Fighter)              Turns: 1310, Time: 00:04:39

Health: -1/28      AC: 10    Str: 21    XL:     4   Next: 27%
Magic:  4/4        EV:  9    Int:  9    God:
Gold:   114        SH:  4    Dex:  9    Spells: 3/3 levels left

rFire   . . .      SeeInvis .    o - +2 mace (drain)
rCold   . . .      Faith    .    c - +0 buckler
rNeg    + . .      Spirit   .    b - +0 scale mail
rPois   ∞          Reflect  .    (no helmet)
rElec   +          Harm     .    (no cloak)
rCorr   .          Rampage  .    (no gloves)
Will    .....                    (no boots)
Stlth   ..........               (no amulet)
HPRegen 0.24/turn                (no ring)
MPRegen 0.09/turn                (no ring)

@: no status effects
A: sickness immunity, AC +3, negative energy resistance 1, electricity
resistance, torment resistance 1, petrification resistance
a: no special abilities


You were on level 2 of the Dungeon.
You visited 1 branch of the dungeon, and saw 3 of its levels.

You collected 114 gold pieces.


Innate Abilities, Weirdness & Mutations

You are immune to sickness and miasma.
Your stone body is resilient. (AC +3)
You are immune to poison.
You resist negative energy. (rN+)
You are resistant to electric shocks. (rElec)
You are resistant to unholy torment.
You are immune to petrification.


   Skills:
 + Level 3.6 Fighting
 * Level 3.8 Axes
 - Level 3.2 Armour
 - Level 3.2 Shields


You had 3 spell levels left.
You didn't know any spells.
Your spell library contained the following spells:

 Spells                   Type           Power      Damage    Failure   Level
 Necrotise                Necr           0%         1d4       82%         1
 Vampiric Draining        Necr           0%         2d6       99%         3
 Agony                    Necr           0%         N/A       100%        5

Inventory:

Hand Weapons
 a - a +0 war axe
 o - a +2 mace of draining (weapon)
Armour
 b - a +0 scale mail (worn)
 c - a +0 buckler (worn)
Jewellery
 T - an amulet of faith {!P}
Scrolls
 e - a scroll of blinking {unknown}
 f - a scroll of vulnerability {unknown}
 g - a scroll of identify {unknown}
 j - a scroll of enchant armour {unknown}
 k - a scroll of fog {unknown}
 m - 2 scrolls of fear {unknown}
 p - a scroll of noise {unknown}
Potions
 d - a potion of might
 h - a potion of haste {unknown}
 i - 2 potions of lignification {unknown}
 l - a potion of heal wounds {unknown}
 n - 2 potions of curing {unknown}
 q - a potion of attraction {unknown}
 r - a potion of degeneration {unknown}

Dungeon Overview and Level Annotations

Branches:
Dungeon (3/15) Zot: 16623

Altars:

Shops:
D:1

[*((*
#####...)######..###..######
.)....................#
#########.............# #
#..##..........#
#)###..........## ########.#
#...........## .........#
#.[..>....#..# .#########
#....z....##(# ##
#....@....##.#
##.........##.#
#...#########.# ### #.###
#.# ..#########.# #.#
#...........# #.#
..########### #.# #...###
#.# ###...##############
#.##


You could see a wight.


Message History

Found 6 gold pieces.
You now have enough gold to buy a potion of haste on D:1.
You can access your shopping list by pressing '$'.
You now have 114 gold pieces (gained 6).
You see here a +0 spear.
You see here a +0 dagger.
Items here: )) ††.
There is a stone staircase leading down here.
You see here 6 stones.
You see here 6 stones.
Done exploring.
Done exploring.
Search for what [? for help]? .
Char dumped successfully.
There is a stone staircase leading down here.
You climb downwards.
The hobgoblin shouts!
You hear a shout!
There is a stone staircase leading up here.
You block the wight's attack.
You climb upwards.
There is a stone staircase leading down here.
You closely miss the wight. The wight barely misses you.
You closely miss the wight.
The wight hits you with a +4 dire flail!
Ouch! That really hurt!
* * * LOW HITPOINT WARNING * * *
You hit the wight.
The wight is lightly damaged.
The wight hits you with a +4 dire flail!
You die...

Skill      XL: |  1  2 |
---------------+-------+-----
Axes           | 2 3 |  3.8
Fighting       | |  3.6
Armour         | |  3.2
Shields        | |  3.2

Action                   |  1- 3 |  4- 6 || total
-------------------------+-------+-------++-------
Melee: War axe           |   133 |    26 ||   159
       Mace              |       |     3 ||     3
Armor: Scale mail        |    95 |    18 ||   113
Dodge: Dodged            |    81 |    16 ||    97
Block: Buckler           |    30 |    12 ||    42

Levels and vault maps discovered:
D:1:      dpeg_arrival_short_road, layout_basic, serial_shops,
          nicolae_shop_advertising_works [nicolae_subvault_shop_adworks],
          nicolae_shop_hallway_stairs, nicolae_square_shop, shop,
          nicolae_shop_overgrown_old_shop
D:2:      layout_rooms, ebering_ecumenical_altar_mist, reono_crystal_passage
D:3:      layout_rooms, st_stairs_4, uniq_robin, uniq_jessica, uniq_pargi

Notes
Turn   | Place    | Note
-------+----------+-------------------------------------------
     0 | D:1      | drbonez the Gargoyle Fighter began the quest for the Orb.
     0 | D:1      | Reached XP level 1. HP: 14/14 MP: 1/1
    46 | D:1      | Found Fiurioll's Assorted Antiques.
    49 | D:1      | Reached skill level 2 in Axes
    98 | D:1      | Reached XP level 2. HP: 13/19 MP: 2/2
   165 | D:1      | Found Cojiergho's Armour Shoppe.
   183 | D:1      | Found Qitra's Weapon Shop.
   236 | D:1      | Found Puzedwoc's General Store.
   306 | D:1      | Reached skill level 3 in Axes
   376 | D:1      | Reached XP level 3. HP: 23/23 MP: 3/3
   587 | D:1      | Found Vufahust's Antique Weapon Shop.
   900 | D:2      | Found a faded altar of an unknown god.
   922 | D:2      | Reached XP level 4. HP: 25/28 MP: 4/4
  1310 | D:2      | Slain by a wight

Vanquished Creatures
  3 adders (D:2)
  A dart slug (D:1)
  3 bats
  5 endoplasms (D:1)
  2 goblins (D:2)
  7 hobgoblins
  7 jackals (D:1)
  A kobold (D:1)
  2 quokkas (D:1)
  3 ball pythons (D:1)
  4 frilled lizards (D:1)
38 creatures vanquished.

Vanquished Creatures (others)
  3 plants (D:1)
3 creatures vanquished.

Grand Total: 41 creatures vanquished

Table legend: (Time is in decaauts)
 A = Elapsed time spent in this place.
 B = Non-inter-level travel time spent in this place.
 C = Inter-level travel time spent in this place.
 D = Time resting spent in this place.
 E = Time spent auto-exploring this place.
 F = Levels seen in this place.
 G = Mean time per level.
                   A        B        C        D        E       F      G
               +--------+--------+--------+--------+--------+-----+--------+
         Total |   1375 |   1335 |     40 |     10 |    910 |   3 |  458.3 |
       Dungeon |   1375 |   1335 |     40 |     10 |    910 |   3 |  458.3 |
               +--------+--------+--------+--------+--------+-----+--------+

Top non-repeatable levels by time:
     D:1: 843 daAuts
     D:2: 528 daAuts
     D:3: 2 daAuts

Table legend:
 A = Non-vault XP
 B = Vault XP
 C = Vault XP percentage of total XP
 D = Non-vault monster count
 E = Vault monster count
 F = Vault count percentage of total count
                 A         B        C        D         E       F
            +---------+---------+-------+---------+---------+-------
      Total |     105 |       0 |   0.0 |      38 |       0 |   0.0
            +---------+---------+-------+---------+---------+-------
        D:1 |      57 |       0 |   0.0 |      31 |       0 |   0.0
        D:2 |      48 |       0 |   0.0 |       7 |       0 |   0.0
            +---------+---------+-------+---------+---------+-------
